 Dungeon Crawl Stone Soup version 0.26-a0-393-g67388ea477 (webtiles) character file.

Game seed: 11317372178342355905

891 KristoblXynda the Slasher (level 7, 0/51 HPs)
             Began as a Yellow Draconian Gladiator on July 22, 2020.
             Was a Believer of Hepliaklqana.
             Slain by Edmund
             ... wielding a +0 flail of draining
              (3 damage)
             ... on level 5 of the Dungeon.
             The game lasted 00:06:08 (4501 turns).

KristoblXynda the Slasher (DrGl)                    Turns: 4501, Time: 00:06:08

Health: 0/51       AC:  8    Str: 16    XL:     7   Next: 78%
Magic:  9/9        EV: 12    Int: 11    God:    Hepliaklqana [**....]
Gold:   323        SH:  0    Dex: 12    Spells: 6/6 levels left

rFire    . . .     SeeInvis .   a - +0 long sword
rCold    . . .     Faith    .   (no shield)
rNeg     . . .     Spirit   .   (armour unavailable)
rPois    .         Reflect  .   b - +0 hat
rElec    .         Harm     .   h - +0 cloak
rCorr    +                      n - +0 pair of gloves
MR       .....                  (no boots)
Stlth    ++........             (no amulet)
HPRegen  0.17/turn              r - ring of stealth
MPRegen  0.11/turn              (no ring)

@: very heavily drained
A: spit acid, unfitting armour, reduced essence, cold-blooded, acid resistance,
AC +6
a: Breathe Acid, Recall Ancestor, Ancestor Identity, Renounce Religion


You were on level 5 of the Dungeon.
You worshipped Hepliaklqana.
Hepliaklqana was pleased with you.
You visited 1 branch of the dungeon, and saw 5 of its levels.

You collected 323 gold pieces.

Inventory:

Hand Weapons
 a - a +0 long sword (weapon)
Missiles
 c - 4 throwing nets (quivered)
Armour
 b - a +0 hat (worn)
 h - a +0 cloak (worn)
 n - a +0 pair of gloves (worn)
 s - a +0 buckler
Jewellery
 r - a ring of stealth (left hand)
Wands
 q - a wand of clouds (7)
Scrolls
 d - 6 scrolls of remove curse {unknown}
 f - a scroll of teleportation {unknown}
 i - 2 scrolls of magic mapping {unknown}
 j - a scroll of fog {unknown}
 k - 8 scrolls of identify {unknown}
 o - a scroll of enchant armour {unknown}
 u - a scroll of enchant weapon {unknown}
Potions
 e - a potion of brilliance {unknown}
 g - a potion of heal wounds {unknown}
 l - 2 potions of curing
 m - 2 potions of stabbing {unknown}
 p - a potion of lignification {unknown}
 t - a potion of haste {unknown}


   Skills:
 - Level 3.3(0.4) Fighting
 + Level 5.9(2.8) Long Blades
 - Level 2.0(0.0) Throwing
 + Level 4.8(1.8) Dodging
 + Level 3.6(0.7) Invocations
 + Level 3.3(0.4) Evocations


You had 6 spell levels left.
You didn't know any spells.
Your spell library was empty.

Dungeon Overview and Level Annotations

Branches:
Dungeon (5/15)
 Temple: D:4-7

Altars:
Ashenzari
Elyvilon
Fedhas
Hepliaklqana
Vehumet
Xom
The Shining One

Shops:
D:4 *

Annotations:
D:5 Edmund


Innate Abilities, Weirdness & Mutations

You can spit globs of acid.
Your golden yellow scales are hard. (AC +6)
You cannot fit into any form of body armour.
You are cold-blooded and may be slowed by cold attacks.
You are resistant to acid. (rCorr)
Your life essence is reduced to manifest your ancestor. (-10% HP)


Message History

Unknown command.
Unknown command.
It was a potion of curing.
You feel better. Edmund barely misses you.
You riposte.
You hit Edmund.
Edmund is severely wounded.
Nammahani casts a spell at Edmund.
Edmund resists with some effort.
You catch the helpless Edmund completely off-guard!
You slash Edmund!
Your tail-slap misses Edmund.
Edmund is almost dead.
Nammahani hits Edmund but does no damage.
Edmund hits you with a +0 flail of draining!
* * * LOW HITPOINT WARNING * * *
You feel drained.
Nammahani gestures at Edmund while chanting.
Edmund resists with some effort.
You barely miss Edmund.
Edmund is almost dead.
Edmund hits you with a +0 flail of draining.
You die...

#.. #.. ##... ..... #
##. #.... ######..#
#... #....##......#
#.... ##......@R####
##.....
.......@#..R.##.....#
.......#####......###.
......$###...!........
.#####.......#........
.......R........... #
###....#...##...... ##
#.....?### ...... .#
.........# ...... .#
.........# ##...


You could see the friendly Nammahani the hexer and Edmund.

Vanquished Creatures
  The ghost of qipq the Digger, an amateur FoEE (D:4)
  Grinder (D:4)
  A hound (D:4)
  An iguana (D:4)
  2 orc wizards
  Natasha (D:2)
  A worker ant (D:4)
  Robin (D:2)
  2 gnolls (D:4)
  6 adders
  A shadow imp (D:5)
  A worm (D:2)
  2 dart slugs
  2 leopard geckos
  10 orcs
  4 bats
  5 giant cockroaches
  9 goblins (D:2)
  4 hobgoblins
  8 jackals
  2 ball pythons
  2 frilled lizards
  4 kobolds
  2 rats
73 creatures vanquished.

Vanquished Creatures (collateral kills)
  A scorpion (D:4)
  An orc priest (D:4)
  3 worker ants
  An adder (D:4)
  A worm (D:2)
  2 orcs (D:3)
  2 bats
  3 goblins (D:2)
  A jackal (D:4)
  A kobold (D:3)
  A rat (D:3)
17 creatures vanquished.

Grand Total: 90 creatures vanquished

Notes
Turn   | Place    | Note
-------+----------+-------------------------------------------
     0 | D:1      | KristoblXynda the Draconian Gladiator began the quest for
                  | the Orb.
     0 | D:1      | Reached XP level 1. HP: 17/17 MP: 1/1
   312 | D:1      | Reached XP level 2. HP: 24/24 MP: 2/2
   684 | D:2      | Found a hazy altar of Hepliaklqana.
   735 | D:2      | Became a worshipper of Hepliaklqana the Forgotten
   905 | D:2      | Noticed Robin
   914 | D:2      | Reached XP level 3. HP: 21/27 MP: 3/3
   921 | D:2      | Killed Robin
  1019 | D:2      | Found a shattered altar of Ashenzari.
  1075 | D:2      | Found a glowing golden altar of the Shining One.
  1218 | D:2      | Reached skill level 4 in Long Blades
  1282 | D:2      | Noticed Natasha
  1287 | D:2      | Killed Natasha
  1287 | D:2      | Reached XP level 4. HP: 20/33 MP: 4/4
  2007 | D:3      | Reached * piety under Hepliaklqana
  2022 | D:3      | Reached XP level 5. HP: 25/40 MP: 5/5
  2916 | D:4      | Noticed Grinder
  2924 | D:4      | Killed Grinder
  2924 | D:4      | Reached skill level 5 in Long Blades
  2924 | D:4      | Reached skill level 1 in Evocations
  2924 | D:4      | Reached XP level 6. HP: 32/45 MP: 5/7
  3342 | D:4      | Your scales start taking on a golden yellow colour.
  3342 | D:4      | Reached XP level 7. HP: 51/51 MP: 8/8
  3342 | D:4      | Gained mutation: You are resistant to acid. (rCorr) [Yellow
                  | Draconian growth]
  3344 | D:4      | Found Cuphooku's Assorted Antiques.
  3392 | D:4      | Found a runed translucent door.
  3416 | D:4      | Noticed qipq's ghost (amateur FoEE)
  3636 | D:4      | Found a glowing golden altar of the Shining One.
  3636 | D:4      | Found a blossoming altar of Fedhas.
  3644 | D:4      | Found a shimmering altar of Xom.
  3646 | D:4      | Found a white marble altar of Elyvilon.
  3648 | D:4      | Found a radiant altar of Vehumet.
  4268 | D:5      | Entered Level 5 of the Dungeon
  4302 | D:4      | Killed qipq's ghost
  4467 | D:5      | Noticed Edmund
  4495 | D:5      | Reached ** piety under Hepliaklqana
  4498 | D:5      | Remembered your ancestor Nammahani as a hexer
  4501 | D:5      | Slain by Edmund

Illustrated notes

Levels and vault maps discovered:
D:1:      lemuel_arrival_rhombus, layout_loops_ring
D:2:      layout_basic, nicolae_overflow_hidden_temple,
          nicolae_overflow_crystal_walls, nicolae_tso_carved_into_rock,
          uniq_natasha, uniq_robin
D:3:      layout_basic, serial_forest, infiniplex_forest_side_room,
          infiniplex_forest_clump_diagonal, infiniplex_forest_end_1,
          infiniplex_forest_clump_small, infiniplex_forest_clump_double,
          infiniplex_forest_clump_long, infiniplex_forest_zigzag_1
D:4:      layout_basic, chequers_temple_overflow_minitemple,
          ebering_ghost_reflecting_pool, serial_shops, shop, grunt_ministairs_9,
          minmay_pentangle, uniq_grinder
D:5:      layout_rooms, grunt_temple_overflow_opulence, gammafunk_ghost_hive,
          uniq_edmund, uniq_sigmund, uniq_crazy_yiuf_cottage, uniq_duvessa

Skill      XL: |  1  2  3  4  5  6  7 |
---------------+----------------------+-----
Throwing       | 2 |  2.0
Dodging        | 3 4 |  4.8
Long Blades    | 4 5 |  5.9
Fighting       | 3 |  3.3
Invocations    | 2 3 |  3.6
Evocations     | 1 2 3 |  3.3

Action                   |  1- 3 |  4- 6 |  7- 9 || total
-------------------------+-------+-------+-------++-------
Melee: Long sword        |    62 |   119 |    73 ||   254
       Tailslap          |     9 |    16 |    14 ||    39
Invok: Ancestor Life: He |       |       |     1 ||     1
  Use: Potion            |       |       |     1 ||     1
 Stab: Sleeping          |     2 |     1 |     1 ||     4
       Distracted        |       |     1 |     1 ||     2
Armor: Skin              |    21 |    54 |    16 ||    91
Dodge: Dodged            |    57 |   114 |    53 ||   224
       Rpst.: Long sword |    17 |    25 |    23 ||    65

Table legend: (Time is in decaauts)
 A = Elapsed time spent in this place.
 B = Non-inter-level travel time spent in this place.
 C = Inter-level travel time spent in this place.
 D = Time resting spent in this place.
 E = Time spent auto-exploring this place.
 F = Levels seen in this place.
 G = Mean time per level.
                   A        B        C        D        E       F      G
               +--------+--------+--------+--------+--------+-----+--------+
         Total |   4550 |   4400 |    150 |   1247 |   2383 |   5 |  910.0 |
       Dungeon |   4550 |   4400 |    150 |   1247 |   2383 |   5 |  910.0 |
               +--------+--------+--------+--------+--------+-----+--------+

Top non-repeatable levels by time:
     D:4: 1858 daAuts
     D:3: 1191 daAuts
     D:2: 771 daAuts
     D:1: 682 daAuts
     D:5: 46 daAuts
